 Dungeon Crawl Stone Soup version 0.28.0-43-g3370ac3207 (webtiles) character file.

Game seed: 10109528460811179452

9006 svpixel the Severer (level 11, -6/110 HPs)
             Began as a Hill Orc Fighter on Mar 16, 2022.
             Was a Follower of Beogh.
             Mangled by a yak (9 damage)
             ... on level 10 of the Dungeon.
             The game lasted 00:56:18 (16113 turns).

svpixel the Severer (Hill Orc Fighter)             Turns: 16113, Time: 00:56:19

Health: -6/110     AC: 11    Str: 24    XL:     11   Next: 39%
Magic:  11/11      EV:  5    Int:  8    God:    Beogh [*.....]
Gold:   612        SH:  8    Dex: 10    Spells: 10/10 levels left

rFire   . . .      SeeInvis .   D - +0 war axe
rCold   + . .      Faith    .   Q - +0 kite shield
rNeg    . . .      Spirit   .   B - +0 plate armour
rPois   .          Reflect  .   (no helmet)
rElec   .          Harm     .   (no cloak)
rCorr   .          Rampage  .   (no gloves)
Will    .....                   (no boots)
Stlth   ..........              (no amulet)
HPRegen 0.28/turn               E - ring of protection from cold
MPRegen 0.12/turn               (no ring)

@: no status effects
A: no striking features
a: Renounce Religion


You were on level 10 of the Dungeon.
You worshipped Beogh.
Beogh was aware of your devotion.
You visited 2 branches of the dungeon, and saw 11 of its levels.

You collected 612 gold pieces.

Inventory:

Hand Weapons
 a - a +0 war axe
 s - a +0 giant spiked club
 D - a +0 war axe (weapon)
 K - a +3 short sword of speed
 O - a +0 battleaxe
Missiles
 e - 2 throwing nets
 t - 94 bolts
 w - 2 atropa-tipped darts
 y - 147 arrows
 M - 3 large rocks
 P - 9 poisoned darts (quivered)
Armour
 b - a +0 scale mail
 c - a +0 buckler
 p - a +0 chain mail
 B - a +0 plate armour (worn)
 L - a +0 plate armour
 Q - a +0 kite shield (worn)
 S - a +0 troll leather armour
Magical Staves
 A - a staff of earth
Jewellery
 E - a ring of protection from cold (left hand)
 G - a ring of flight
Wands
 I - a wand of charming (7)
 J - a wand of paralysis (1)
 N - a wand of polymorph (3)
Scrolls
 f - 3 scrolls of teleportation
 g - a scroll of vulnerability
 h - 2 scrolls of enchant weapon
 k - a scroll of silence
 l - 2 scrolls of immolation {unknown}
 n - a scroll of magic mapping {unknown}
 o - a scroll of blinking {unknown}
 r - a scroll of fog {unknown}
 v - a scroll of fear {unknown}
 z - a scroll of noise {unknown}
 F - 2 scrolls of amnesia {unknown}
 H - 3 scrolls of identify
Potions
 d - 2 potions of might
 i - 3 potions of berserk rage
 j - 3 potions of degeneration
 m - 2 potions of lignification
 q - 2 potions of flight
 u - 2 potions of curing
 x - a potion of attraction
 C - a potion of haste
 R - 2 potions of ambrosia {unknown}


   Skills:
 + Level 14.1 Fighting
 + Level 16.8 Axes
 - Level 3.2 Armour
 - Level 3.2 Shields


You had 10 spell levels left.
You didn't know any spells.
Your spell library contained the following spells:

 Spells                   Type           Power      Damage    Failure   Level
 Magic Dart               Conj           0%         1d3       100%        1
 Call Imp                 Summ           0%         N/A       100%        2
 Corpse Rot               Necr/Air       0%         N/A       100%        2
 Poisonous Vapours        Pois/Air       0%         N/A       100%        2
 Conjure Flame            Conj/Fire      0%         6-21      100%        3
 Ignite Poison            Fire/Tmut/Pois 0%         N/A       100%        3
 Mephitic Cloud           Conj/Pois/Air  0%         N/A       100%        3
 Flame Wave               Conj/Fire      0%         2d4       100%        4
 Sticky Flame             Conj/Fire      0%         2d3       100%        4
 Fireball                 Conj/Fire      0%         3d3       100%        5
 Starburst                Conj/Fire      0%         6d3       100%        6


Dungeon Overview and Level Annotations

Branches:
Dungeon (10/15)            Temple (1/1) D:6
   Lair: D:8-11         Orc: D:9-12

Altars:
Ashenzari
Cheibriados
Dithmenos
Elyvilon
Fedhas
Gozag
Hepliaklqana
Kikubaaqudgha
Makhleb
Nemelex Xobeh
Okawaru
Qazlal
Ru
Sif Muna
Trog
Uskayaw
Vehumet
Wu Jian
Xom
Yredelemnul
Zin
The Shining One

Shops:
D:4 =   D:7 ?   D:9 !


Message History

You feel less confused. The yak gores you!
* * * LOW HITPOINT WARNING * * *
The orc priest invokes the aid of Beogh against you.
Beogh smites you!
* * * LOW HITPOINT WARNING * * *
Found 9 gold pieces.
You see here a scroll labelled SUOSSOO EFFU.
You see here 9 gold pieces.
The orc priest looks satisfied for a moment.
Found a falchion and a scroll labelled MUOBLO XIQE.
Found a ring mail.
The orc priest looks encouraged for a moment.
You see here a +0 ring mail.
Found a bone ring and 6 javelins.
Found a rapier.
Found 16 gold pieces and a scroll of identify.
The yak gores you!
* * * LOW HITPOINT WARNING * * *
You see here 6 javelins.
You hit the yak but do no damage.
The orc wizard gestures wildly while chanting.
The orc wizard flickers and vanishes!
The yak gores you but does no damage.
You hit the yak.
The yak is lightly wounded.
You hit the yak.
The yak is lightly wounded.
The yak barely misses you.
You hit the yak.
The yak is lightly wounded.
The yak closely misses you.
You slash the yak!
The yak is heavily wounded.
You block the yak's attack.
You hit the yak.
The yak is heavily wounded.
The yak gores you!
* * * LOW HITPOINT WARNING * * *
The yak gores you!
You die...

#.#
#......(..######
#.#####.........
#..........####
#####.o....#
#......#
#..Y...#
###......#######
#..............#
#.......Y@.....#
#........(.....#
#..............#
######.........#
#.........#
#.........#
#......)..#
#.$...?...#
###########


You could see 2 yaks and an orc priest.

Vanquished Creatures
  Harold (D:9)
  A centaur warrior (D:9)
  2 two-headed ogres
  2 deep elf pyromancers (D:9)
  A cyclops (D:9)
  2 trolls
  18 yaks
  A water moccasin (D:8)
  A hornet zombie (D:8)
  An orc warrior (D:9)
  3 necrophages
  An ogre (D:4)
  A centaur (D:7)
  A phantom (D:4)
  A wyvern zombie (D:6)
  2 bullfrogs
  2 scorpions
  2 gnoll sergeants (D:10)
  8 killer bees (D:9)
  3 howler monkeys
  3 hounds
  A jelly (D:5)
  2 centaur skeletons
  Natasha (thrice) (D:2)
  2 iguanas (D:5)
  9 orc wizards
  11 gnolls
  6 adders
  A shadow imp (D:7)
  2 white imps
  2 ufetubi
  An adder skeleton (D:4)
  3 dart slugs
  4 worms
  19 orcs
  4 endoplasms
  A giant cockroach (D:3)
  11 goblins
  9 hobgoblins
  3 kobolds
  4 quokkas
  4 ball pythons
  4 bats
  2 frilled lizards
  3 rats
168 creatures vanquished.

Vanquished Creatures (others)
  An orc wizard (D:7)
1 creature vanquished.

Grand Total: 169 creatures vanquished

Notes
Turn   | Place    | Note
-------+----------+-------------------------------------------
     0 | D:1      | svpixel the Hill Orc Fighter began the quest for the Orb.
     0 | D:1      | Reached XP level 1. HP: 19/19 MP: 1/1
    13 | D:1      | Reached skill level 3 in Axes
   673 | D:1      | Reached XP level 2. HP: 26/27 MP: 2/2
  1498 | D:1      | Reached skill level 4 in Axes
  1502 | D:1      | Reached XP level 3. HP: 33/33 MP: 3/3
  2877 | D:2      | Reached XP level 4. HP: 41/41 MP: 4/4
  2991 | D:2      | Noticed Natasha
  3000 | D:2      | Killed Natasha
  3001 | D:2      | Reached skill level 5 in Axes
  3276 | D:2      | Noticed Natasha
  3287 | D:2      | Killed Natasha
  3574 | D:2      | Noticed Natasha
  3583 | D:2      | Killed Natasha
  3584 | D:2      | Reached XP level 5. HP: 46/47 MP: 5/5
  3790 | D:3      | Reached skill level 5 in Fighting
  3790 | D:3      | Reached skill level 6 in Axes
  4372 | D:3      | Found a blossoming altar of Fedhas.
  4668 | D:3      | Found an iron altar of Okawaru.
  5123 | D:4      | Reached XP level 6. HP: 38/56 MP: 6/6
  5127 | D:4      | Reached skill level 7 in Axes
  5873 | D:4      | Found Ubiot's Jewellery Shop.
  6102 | D:4      | Reached skill level 8 in Axes
  6102 | D:4      | Reached XP level 7. HP: 27/63 MP: 7/7
  6381 | D:4      | Found a bloodstained altar of Trog.
  6384 | D:4      | Found a sacrificial altar of Ru.
  6384 | D:4      | Found a burning altar of Makhleb.
  6384 | D:4      | Found a shadowy altar of Dithmenos.
  6797 | D:5      | Entered Level 5 of the Dungeon
  7272 | D:5      | Reached skill level 9 in Axes
  8003 | D:5      | Became a worshipper of Beogh the Brigand
  8327 | D:6      | Reached XP level 8. HP: 53/73 MP: 8/8
  8518 | D:6      | Noticed a troll
  8524 | D:6      | Killed a troll
  8525 | D:6      | Reached skill level 10 in Axes
  8774 | D:6      | Found a staircase to the Ecumenical Temple.
  8785 | Temple   | Entered the Ecumenical Temple
  9340 | D:6      | Got the Compendium of the Venomous Volcanoes
  9619 | D:6      | Reached skill level 11 in Axes
 10850 | D:7      | Found Maec's Magic Scroll Shoppe.
 11034 | D:8      | Reached skill level 12 in Axes
 11177 | D:8      | Noticed a two-headed ogre
 11185 | D:8      | Killed a two-headed ogre
 11186 | D:8      | Reached skill level 13 in Axes
 11186 | D:8      | Reached XP level 9. HP: 79/83 MP: 9/9
 11609 | D:8      | Reached skill level 14 in Axes
 12001 | D:9      | Reached skill level 10 in Fighting
 12017 | D:9      | Reached XP level 10. HP: 67/93 MP: 10/10
 12029 | D:9      | Reached skill level 15 in Axes
 12580 | D:9      | Reached * piety under Beogh
 13038 | D:9      | Noticed a centaur warrior
 13047 | D:9      | Killed a centaur warrior
 13048 | D:9      | Reached skill level 16 in Axes
 13381 | D:9      | Noticed a deep elf pyromancer
 13385 | D:9      | Killed a deep elf pyromancer
 13412 | D:9      | Noticed a cyclops
 13422 | D:9      | Killed a cyclops
 13727 | D:9      | Noticed Harold
 13740 | D:9      | Killed Harold
 13741 | D:9      | Reached XP level 11. HP: 89/107 MP: 11/11
 13761 | D:9      | Noticed a two-headed ogre
 13784 | D:9      | Killed a two-headed ogre
 14581 | D:9      | Noticed a deep elf pyromancer
 14592 | D:9      | Killed a deep elf pyromancer
 14881 | D:9      | Found Jaomo's Distillery.
 15004 | D:10     | Entered Level 10 of the Dungeon
 16112 | D:10     | HP: 3/110 [yak (9)]
 16113 | D:10     | Mangled by a yak

Illustrated notes

Levels and vault maps discovered:
D:1:      scummos_arrival_simple_crosswalls, layout_basic, minmay_tetromino_l2
D:2:      minmay_skewed_foursquare, layout_loops_ring, serial_forest,
          infiniplex_forest_lined_4_way, infiniplex_forest_straight_3,
          infiniplex_forest_zigzag_1, infiniplex_forest_straight_2,
          infiniplex_forest_lined_4_way, infiniplex_forest_fountain,
          infiniplex_forest_zigzag_2, uniq_natasha
D:3:      layout_basic, mainiacjoe_overflow_catch_the_wave, feat_on_display
D:4:      layout_loops_ring, chequers_temple_overflow_statue_of_worship,
          serial_shops, nicolae_shop_statue_plus
D:5:      layout_basic
D:6:      layout_loops_ring, minmay_temple_entry_antechambers
D:7:      layout_cave_pools, serial_shops, nicolae_take_the_stairs,
          minmay_misc_feat_rugged, nrook_loot_triangle
D:8:      layout_rooms
D:9:      layout_loops_ring, serial_shops, kennysheep_mini,
          lightli_bailey_entry_fortress, kb_rosetta, uniq_harold
D:10:     layout_basic, st_stairs_5
Temple:   eino_temple_rhombus

Skill      XL: |  1  2  3  4  5  6  7  8  9 10 11 |
---------------+----------------------------------+-----
Axes           | 3 4 5 6 8 9 13 14 16 | 16.8
Fighting       | 4 5 6 7 9 10 13 14 | 14.1
Armour         | |  3.2
Shields        | |  3.2

Action                   |  1- 3 |  4- 6 |  7- 9 | 10-12 || total
-------------------------+-------+-------+-------+-------++-------
Melee: War axe           |    87 |   140 |   216 |   246 ||   689
Throw: Dart              |       |       |       |    10 ||    10
Invok: Convert to Beogh  |       |       |     1 |       ||     1
Evoke: Wand              |       |       |     4 |     1 ||     5
  Use: Scroll            |       |       |    12 |       ||    12
       Potion            |       |       |     1 |     5 ||     6
Armor: Scale mail        |    50 |    27 |       |       ||    77
       Chain mail        |       |    13 |    52 |       ||    65
       Plate armour      |       |       |    61 |    93 ||   154
Dodge: Dodged            |    37 |    65 |    56 |    58 ||   216
Block: Buckler           |    19 |    29 |    35 |    32 ||   115
       Kite shield       |       |       |       |    14 ||    14
